[Event "FIDE WCCC Open-08 2024"]
[Site "Montesilvano"]
[Date "2024.11.18"]
[Round "3.49"]
[White "Dzelnik, Robert"]
[Black "Glod, Peter"]
[Result "1-0"]
[ECO "C70"]
[WhiteElo "1822"]
[BlackElo "1409"]
[PlyCount "137"]
[EventDate "2024.11.18"]
[EventType "swiss"]
[EventCountry "ITA"]
[TimeControl "5400+30"]

1. e4 e5 2. Nf3 Nc6 3. Bb5 a6 4. Ba4 f5 5. d3 fxe4 6. dxe4 Bc5 7. O-O Nf6 8. Nc3 O-O 9. Bb3+ Kh8 10. Bg5 d6 11. Nd5 Bg4 12. Nxf6 Rxf6 13. Bxf6 Qxf6 14. h3 Bh5 15. g4 Bg6 16. Qe2 Qf4 17. Bd5 Qg3+ 18. Kh1 Qxh3+ 19. Nh2 Nd4 20. Qd3 Qxd3 21. cxd3 c6 22. Bb3 Nxb3 23. axb3 Bf7 24. f4 Bxb3 25. fxe5 dxe5 26. Nf3 Bd6 27. Ng5 Bc5 28. Nf7+ Kg8 29. Nxe5 Bd4 30. Nf3 Bb6 31. Ra3 Bf7 32. Ng5 Rf8 33. Nxf7 Rxf7 34. Rxf7 Kxf7 35. Rb3 Bd4 36. Rxb7+ Kg6 37. Kg2 Kg5 38. Re7 Kxg4 39. e5 Bxb2 40. e6 Kf5 41. Rb7 Kxe6 42. Rxb2 Kd5 43. Rb6 a5 44. Ra6 Kd4 45. Rxc6 Kxd3 46. Ra6 Ke4 47. Ra7 a4 48. Rxg7 h5 49. Ra7 Kf5 50. Rxa4 Kg5 51. Kh3 Kg6 52. Kh4 Kf5 53. Kxh5 Ke5 54. Kg5 Kd5 55. Kf5 Kc5 56. Ke5 Kb5 57. Rh4 Kc5 58. Rd4 Kc6 59. Rd5 Kb6 60. Kd6 Kb7 61. Rc5 Kb6 62. Kd5 Kb7 63. Rc6 Ka7 64. Kd6 Kb7 65. Kd7 Kb8 66. Rc7 Ka8 67. Kc6 Kb8 68. Kb6 Ka8 69. Rc8# 1-0